Workbook

Sheet README
A1: Pricing Calculator
A2: Free template from spreadsheet.partners — free for commercial use, no attribution needed.
A4: What this does
A5: Builds cost from its components, derives margin and markup, and shows what a discount does to both — including how much extra volume it would take to stand still.
A7: Fill in
A8: Costs sheet: one row per cost component. Pricing sheet: the product name and your price. Discounts sheet: the scenarios you want tested.
A10: Calculated for you
A11: Cost, Margin %, Markup %, the discounted price and margin, and the extra volume needed.
A13: The column worth reading twice
A14: Break-even volume. A 10% discount on a 40% margin needs a third more volume just to break even, which is rarely what the person offering it expects.
A17: Blue text on a yellow fill = type here. Black = calculated, leave alone.

Sheet Costs
A1: Cost build-up
A4: Product | B4: Component | C4: Amount
A5: Starter workbook | B5: Build time | C5: 180

Sheet Discounts
A1: Discount scenarios
A2: The discount you want to test against each margin.
A4: Scenario | B4: Discount
A5: List | B5: 0
A6: Standard | B6: 0.1
A7: Volume | B7: 0.2
A8: Strategic | B8: 0.3

Sheet Pricing
A1: Pricing | I1: Discount tested
I2: 0.1
A4: Product | B4: Cost | C4: Price | D4: Margin % | E4: Markup % | F4: Price at discount | G4: Margin at discount | H4: Break-even volume ×
A5: Starter workbook | B5: =IF($A5="","",SUMIFS(Costs!$C$5:$C$204,Costs!$A$5:$A$204,$A5)) | C5: 490 | D5: =IF($C5=0,"",($C5-$B5)/$C5) | E5: =IF($B5=0,"",($C5-$B5)/$B5) | F5: =IF($C5=0,"",$C5*(1-$I$2)) | G5: =IF($F5=0,"",($F5-$B5)/$F5) | H5: =IFERROR($D5/($D5-$I$2)-1,"")
B6: =IF($A6="","",SUMIFS(Costs!$C$5:$C$204,Costs!$A$5:$A$204,$A6)) | D6: =IF($C6=0,"",($C6-$B6)/$C6) | E6: =IF($B6=0,"",($C6-$B6)/$B6) | F6: =IF($C6=0,"",$C6*(1-$I$2)) | G6: =IF($F6=0,"",($F6-$B6)/$F6) | H6: =IFERROR($D6/($D6-$I$2)-1,"")
B7: =IF($A7="","",SUMIFS(Costs!$C$5:$C$204,Costs!$A$5:$A$204,$A7)) | D7: =IF($C7=0,"",($C7-$B7)/$C7) | E7: =IF($B7=0,"",($C7-$B7)/$B7) | F7: =IF($C7=0,"",$C7*(1-$I$2)) | G7: =IF($F7=0,"",($F7-$B7)/$F7) | H7: =IFERROR($D7/($D7-$I$2)-1,"")
B8: =IF($A8="","",SUMIFS(Costs!$C$5:$C$204,Costs!$A$5:$A$204,$A8)) | D8: =IF($C8=0,"",($C8-$B8)/$C8) | E8: =IF($B8=0,"",($C8-$B8)/$B8) | F8: =IF($C8=0,"",$C8*(1-$I$2)) | G8: =IF($F8=0,"",($F8-$B8)/$F8) | H8: =IFERROR($D8/($D8-$I$2)-1,"")
B9: =IF($A9="","",SUMIFS(Costs!$C$5:$C$204,Costs!$A$5:$A$204,$A9)) | D9: =IF($C9=0,"",($C9-$B9)/$C9) | E9: =IF($B9=0,"",($C9-$B9)/$B9) | F9: =IF($C9=0,"",$C9*(1-$I$2)) | G9: =IF($F9=0,"",($F9-$B9)/$F9) | H9: =IFERROR($D9/($D9-$I$2)-1,"")
B10: =IF($A10="","",SUMIFS(Costs!$C$5:$C$204,Costs!$A$5:$A$204,$A10)) | D10: =IF($C10=0,"",($C10-$B10)/$C10) | E10: =IF($B10=0,"",($C10-$B10)/$B10) | F10: =IF($C10=0,"",$C10*(1-$I$2)) | G10: =IF($F10=0,"",($F10-$B10)/$F10) | H10: =IFERROR($D10/($D10-$I$2)-1,"")
B11: =IF($A11="","",SUMIFS(Costs!$C$5:$C$204,Costs!$A$5:$A$204,$A11)) | D11: =IF($C11=0,"",($C11-$B11)/$C11) | E11: =IF($B11=0,"",($C11-$B11)/$B11) | F11: =IF($C11=0,"",$C11*(1-$I$2)) | G11: =IF($F11=0,"",($F11-$B11)/$F11) | H11: =IFERROR($D11/($D11-$I$2)-1,"")
B12: =IF($A12="","",SUMIFS(Costs!$C$5:$C$204,Costs!$A$5:$A$204,$A12)) | D12: =IF($C12=0,"",($C12-$B12)/$C12) | E12: =IF($B12=0,"",($C12-$B12)/$B12) | F12: =IF($C12=0,"",$C12*(1-$I$2)) | G12: =IF($F12=0,"",($F12-$B12)/$F12) | H12: =IFERROR($D12/($D12-$I$2)-1,"")
B13: =IF($A13="","",SUMIFS(Costs!$C$5:$C$204,Costs!$A$5:$A$204,$A13)) | D13: =IF($C13=0,"",($C13-$B13)/$C13) | E13: =IF($B13=0,"",($C13-$B13)/$B13) | F13: =IF($C13=0,"",$C13*(1-$I$2)) | G13: =IF($F13=0,"",($F13-$B13)/$F13) | H13: =IFERROR($D13/($D13-$I$2)-1,"")
B14: =IF($A14="","",SUMIFS(Costs!$C$5:$C$204,Costs!$A$5:$A$204,$A14)) | D14: =IF($C14=0,"",($C14-$B14)/$C14) | E14: =IF($B14=0,"",($C14-$B14)/$B14) | F14: =IF($C14=0,"",$C14*(1-$I$2)) | G14: =IF($F14=0,"",($F14-$B14)/$F14) | H14: =IFERROR($D14/($D14-$I$2)-1,"")
B15: =IF($A15="","",SUMIFS(Costs!$C$5:$C$204,Costs!$A$5:$A$204,$A15)) | D15: =IF($C15=0,"",($C15-$B15)/$C15) | E15: =IF($B15=0,"",($C15-$B15)/$B15) | F15: =IF($C15=0,"",$C15*(1-$I$2)) | G15: =IF($F15=0,"",($F15-$B15)/$F15) | H15: =IFERROR($D15/($D15-$I$2)-1,"")
B16: =IF($A16="","",SUMIFS(Costs!$C$5:$C$204,Costs!$A$5:$A$204,$A16)) | D16: =IF($C16=0,"",($C16-$B16)/$C16) | E16: =IF($B16=0,"",($C16-$B16)/$B16) | F16: =IF($C16=0,"",$C16*(1-$I$2)) | G16: =IF($F16=0,"",($F16-$B16)/$F16) | H16: =IFERROR($D16/($D16-$I$2)-1,"")
B17: =IF($A17="","",SUMIFS(Costs!$C$5:$C$204,Costs!$A$5:$A$204,$A17)) | D17: =IF($C17=0,"",($C17-$B17)/$C17) | E17: =IF($B17=0,"",($C17-$B17)/$B17) | F17: =IF($C17=0,"",$C17*(1-$I$2)) | G17: =IF($F17=0,"",($F17-$B17)/$F17) | H17: =IFERROR($D17/($D17-$I$2)-1,"")
... B64: =IF($A64="","",SUMIFS(Costs!$C$5:$C$204,Costs!$A$5:$A$204,$A64)) | D64: =IF($C64=0,"",($C64-$B64)/$C64) | E64: =IF($B64=0,"",($C64-$B64)/$B64) | F64: =IF($C64=0,"",$C64*(1-$I$2)) | G64: =IF($F64=0,"",($F64-$B64)/$F64) | H64: =IFERROR($D64/($D64-$I$2)-1,"")

Sheet Scenarios
A1: Scenarios
A2: Every discount against the first product on the Pricing sheet.
A4: Scenario | B4: Discount | C4: Price | D4: Margin | E4: Extra volume needed
A5: =IF(Discounts!$A5="","",Discounts!$A5) | B5: =IF($A5="","",Discounts!$B5) | C5: =IF($A5="","",Pricing!$C$5*(1-$B5)) | D5: =IF($C5=0,"",($C5-Pricing!$B$5)/$C5) | E5: =IFERROR(Pricing!$D$5/(Pricing!$D$5-$B5)-1,"")
A6: =IF(Discounts!$A6="","",Discounts!$A6) | B6: =IF($A6="","",Discounts!$B6) | C6: =IF($A6="","",Pricing!$C$5*(1-$B6)) | D6: =IF($C6=0,"",($C6-Pricing!$B$5)/$C6) | E6: =IFERROR(Pricing!$D$5/(Pricing!$D$5-$B6)-1,"")
A7: =IF(Discounts!$A7="","",Discounts!$A7) | B7: =IF($A7="","",Discounts!$B7) | C7: =IF($A7="","",Pricing!$C$5*(1-$B7)) | D7: =IF($C7=0,"",($C7-Pricing!$B$5)/$C7) | E7: =IFERROR(Pricing!$D$5/(Pricing!$D$5-$B7)-1,"")
A8: =IF(Discounts!$A8="","",Discounts!$A8) | B8: =IF($A8="","",Discounts!$B8) | C8: =IF($A8="","",Pricing!$C$5*(1-$B8)) | D8: =IF($C8=0,"",($C8-Pricing!$B$5)/$C8) | E8: =IFERROR(Pricing!$D$5/(Pricing!$D$5-$B8)-1,"")
A9: =IF(Discounts!$A9="","",Discounts!$A9) | B9: =IF($A9="","",Discounts!$B9) | C9: =IF($A9="","",Pricing!$C$5*(1-$B9)) | D9: =IF($C9=0,"",($C9-Pricing!$B$5)/$C9) | E9: =IFERROR(Pricing!$D$5/(Pricing!$D$5-$B9)-1,"")
A10: =IF(Discounts!$A10="","",Discounts!$A10) | B10: =IF($A10="","",Discounts!$B10) | C10: =IF($A10="","",Pricing!$C$5*(1-$B10)) | D10: =IF($C10=0,"",($C10-Pricing!$B$5)/$C10) | E10: =IFERROR(Pricing!$D$5/(Pricing!$D$5-$B10)-1,"")
A11: =IF(Discounts!$A11="","",Discounts!$A11) | B11: =IF($A11="","",Discounts!$B11) | C11: =IF($A11="","",Pricing!$C$5*(1-$B11)) | D11: =IF($C11=0,"",($C11-Pricing!$B$5)/$C11) | E11: =IFERROR(Pricing!$D$5/(Pricing!$D$5-$B11)-1,"")
A12: =IF(Discounts!$A12="","",Discounts!$A12) | B12: =IF($A12="","",Discounts!$B12) | C12: =IF($A12="","",Pricing!$C$5*(1-$B12)) | D12: =IF($C12=0,"",($C12-Pricing!$B$5)/$C12) | E12: =IFERROR(Pricing!$D$5/(Pricing!$D$5-$B12)-1,"")
A13: =IF(Discounts!$A13="","",Discounts!$A13) | B13: =IF($A13="","",Discounts!$B13) | C13: =IF($A13="","",Pricing!$C$5*(1-$B13)) | D13: =IF($C13=0,"",($C13-Pricing!$B$5)/$C13) | E13: =IFERROR(Pricing!$D$5/(Pricing!$D$5-$B13)-1,"")
A14: =IF(Discounts!$A14="","",Discounts!$A14) | B14: =IF($A14="","",Discounts!$B14) | C14: =IF($A14="","",Pricing!$C$5*(1-$B14)) | D14: =IF($C14=0,"",($C14-Pricing!$B$5)/$C14) | E14: =IFERROR(Pricing!$D$5/(Pricing!$D$5-$B14)-1,"")
